 Dungeon Crawl Stone Soup version 0.27-a0-972-gd1521fd518 (webtiles) character file.

Game seed: 14705027780855544451

1105 kae the Ruffian (level 8, -4/76 HPs)
             Began as a White Draconian Transmuter on Apr 13, 2021.
             Was a Follower of Ru.
             Slain by an orc warrior
             ... wielding a +0 halberd of venom
              (19 damage)
             ... on level 4 of the Dungeon.
             The game lasted 00:06:09 (6748 turns).

kae the Ruffian (White Draconian Transmuter)        Turns: 6748, Time: 00:06:09

Health: -4/76      AC:  6    Str: 13    XL:     8   Next: 11%
Magic:  0/13       EV: 10    Int: 16    God:    Ru [*.....]
Gold:   125        SH:  0    Dex: 11    Spells: 5/13 levels left

rFire    x . .     SeeInvis .     - Unarmed
rCold    + + +     Faith    .   (shield currently unavailable)
rNeg     . . .     Spirit   +   (armour unavailable)
rPois    +         Reflect  .   (helmet currently unavailable)
rElec    .         Harm     .   (cloak currently unavailable)
rCorr    .         Rampage  .   (gloves currently unavailable)
Will     .....                  (boots currently unavailable)
Stlth    +.........             c - amulet of guardian spirit
HPRegen  0.22/turn              (no ring)
MPRegen  0.13/turn              (no ring)

@: ice-form
A: freezing attack, amphibious, boosted hp, (breathe frost), AC +6, large,
unfitting armour, (cold resistance 1), (cold-blooded), weak-willed 1
a: End Transformation, Renounce Religion


You were on level 4 of the Dungeon.
You worshipped Ru.
Ru was aware of your devotion.
You were a creature of crystalline ice.
You visited 2 branches of the dungeon, and saw 6 of its levels.
You also visited: Ossuary.

You collected 215 gold pieces.
You spent 90 gold pieces at shops.

Inventory:

Jewellery
 c - an amulet of guardian spirit (around neck)
 e - a ring of protection from cold
Wands
 b - a wand of iceblast (11)
Scrolls
 i - a scroll of teleportation
 l - a scroll of enchant armour
 m - a scroll of silence
Potions
 a - a potion of heal wounds
 d - 4 potions of curing
 f - a potion of degeneration
 g - a potion of flight
 h - a potion of attraction
 j - a potion of magic
 k - a potion of resistance
 n - 2 potions of haste


   Skills:
 + Level 3.6 Fighting
 + Level 3.4 Dodging
 * Level 5.5 Unarmed Combat
 + Level 3.4 Spellcasting
 * Level 4.9 Transmutations
 * Level 3.5 Ice Magic
 - Level 2.0 Poison Magic


You had 5 spell levels left.
You knew the following spells:

 Your Spells              Type           Power      Damage    Failure   Level
a - Beastly Appendage     Tmut           36%        N/A       2%          1
b - Spider Form           Tmut/Pois      6%         N/A       13%         3
c - Ice Form              Ice/Tmut       16%        N/A       30%         4

Your spell library contained the following spells:

 Spells                   Type           Power      Damage    Failure   Level
 Wereblood                Tmut           18%        N/A       3%          2
 Summon Small Mammal      Summ           8%         N/A       19%         1
 Call Imp                 Summ           2%         N/A       26%         2
 Call Canine Familiar     Summ           2%         N/A       47%         3
 Summon Guardian Golem    Hex/Summ       2%         N/A       47%         3
 Hydra Form               Tmut           9%         N/A       54%         5
 Summon Ice Beast         Ice/Summ       8%         N/A       65%         4
 Summon Lightning Spire   Summ/Air       2%         N/A       87%         4


Dungeon Overview and Level Annotations

Branches:
Dungeon (5/15)             Temple (1/1) D:4         Ossuary (visited)

Altars:
Cheibriados
Fedhas
Gozag
Nemelex Xobeh
Qazlal
Ru
Trog
Vehumet
Wu Jian
Yredelemnul

Shops:
D:2 *   D:4 (!?

Annotations:
D:5 Duvessa


Innate Abilities, Weirdness & Mutations

You are a creature of crystalline ice.
You have a powerful freezing melee attack.
You are amphibious.
Your maximum health is increased.
Your armour is entirely melded.
You are incapable of wielding weapons or throwing items.
((You can breathe waves of freezing cold which knock back foes.))
((Your icy white scales are hard. (AC +6)))
You cannot fit into any form of body armour.
((Your flesh is cold resistant. (rC+)))
((You are cold-blooded and may be slowed by cold attacks.))
You are slightly weak-willed. (Will-)


Message History

The spell is quite dangerous to cast (30% risk of failure)!
Continue anyway?
You turn into a creature of crystalline ice.
You punch the orc! You freeze the orc.
You kill the orc!
You hit the orc but do no damage. You hit the orc. You freeze the orc.
You kill the orc!
The orc warrior hits you with a +0 halberd of venom!
Things that are here:
a +0 short sword; a +0 war axe; a +0 ring mail You barely miss the orc warrior.
The orc warrior hits you with a +0 halberd of venom!
You barely miss the orc warrior.
The orc warrior hits you with a +0 halberd of venom.
You are poisoned.
You completely miss the orc warrior.
You feel very sick.
You hit the orc warrior. You freeze the orc warrior.
The orc warrior is moderately wounded.
You feel sick.
The orc warrior hits you with a +0 halberd of venom!
You are more poisoned.
You hit the orc warrior. You freeze the orc warrior.
The orc warrior is moderately wounded.
You feel very sick. The orc warrior barely misses you.
You barely miss the orc warrior.
The orc warrior is moderately wounded.
You feel very sick.
The orc warrior hits you with a +0 halberd of venom!
* * * LOW HITPOINT WARNING * * *
You are lethally poisoned!
You hit the orc warrior. You freeze the orc warrior.
The orc warrior is heavily wounded.
* * * LOW HITPOINT WARNING * * *
You feel very sick. The orc warrior closely misses you.
You feel better.
The orc warrior hits you with a +0 halberd of venom!!
You die...

..# ##...........#
..# ##....o.....#
..# ##.........# .##
##........# .#
##.......### .#
###....#..# .# ####
##.>...## ## ###..##
###o.### # #.....#
##.Y.## #
#....>####..### #
##.....#..### #
##......## ##...###
### #######...##
###.##
#.........#####....#
....##.....#.......#
.#######...........#


You could see an orc warrior.

Vanquished Creatures
  Grinder (D:3)
  Eustachio (D:5)
  Menkaure (D:5)
  A black bear (D:4)
  An elf zombie (Ossuary)
  Dowan (D:5)
  4 centaur zombies (Ossuary)
  2 hounds (D:4)
  A centaur skeleton (D:5)
  An iguana (D:5)
  Jessica (D:2)
  Terence (D:2)
  2 mummies (Ossuary)
  An adder (D:5)
  2 white imps (D:5)
  A worm (D:2)
  3 dart slugs
  6 orcs
  4 ball pythons
  A bat (D:1)
  6 endoplasms
  6 giant cockroaches
  5 hobgoblins
  5 jackals
  9 kobolds
  A quokka (D:1)
  3 frilled lizards
  7 goblins
  4 goblin zombies
  13 hobgoblin zombies (Ossuary)
  2 jackal zombies (Ossuary)
  9 kobold zombies (Ossuary)
  4 orc zombies (Ossuary)
  2 rats (D:1)
  2 rat zombies (Ossuary)
114 creatures vanquished.

Notes
Turn   | Place    | Note
-------+----------+-------------------------------------------
     0 | D:1      | kae the Draconian Transmuter began the quest for the Orb.
     0 | D:1      | Reached XP level 1. HP: 16/16 MP: 3/3
   433 | D:1      | Reached XP level 2. HP: 23/23 MP: 3/5
  1167 | D:2      | Noticed Terence
  1913 | D:2      | Reached XP level 3. HP: 26/28 MP: 6/6
  1917 | D:2      | Learned a level 3 spell: Spider Form
  2126 | D:2      | Found a faded altar of an unknown god.
  2153 | D:2      | Found Uguyn's Assorted Antiques.
  2171 | D:2      | Noticed Jessica
  2177 | D:2      | HP: 1/28 [Jessica/nerve-wracking pain (8)]
  2502 | D:2      | Killed Jessica
  2576 | D:2      | Bought a red potion for 17 gold pieces
  2613 | D:2      | Reached XP level 4. HP: 26/36 MP: 7/7
  2893 | D:2      | Killed Terence
  3202 | D:3      | Noticed Grinder
  3204 | D:3      | Paralysed by Grinder for 7 turns
  3478 | D:3      | Paralysed by Grinder for 3 turns
  3498 | D:3      | Paralysed by Grinder for 3 turns
  3516 | D:3      | Killed Grinder
  3517 | D:3      | Reached skill level 4 in Unarmed Combat
  3517 | D:3      | Reached XP level 5. HP: 11/42 MP: 2/9
  3517 | D:3      | Reached XP level 6. HP: 13/50 MP: 2/10
  4021 | D:4      | Learned a level 4 spell: Ice Form
  4176 | D:4      | Found Recwafois's Weapon Shop.
  4266 | D:4      | Found a staircase to the Ecumenical Temple.
  4306 | Temple   | Entered the Ecumenical Temple
  4420 | Temple   | Became a worshipper of Ru the Awakened
  4468 | D:4      | Reached skill level 1 in Ice Magic
  4468 | D:4      | Reached skill level 1 in Poison Magic
  4546 | D:4      | Noticed an orc warrior
  4770 | D:4      | Found Noiwuy's Distillery.
  4778 | D:4      | Bought a potion of curing for 33 gold pieces
  4811 | D:4      | Found Lyux's Magic Scroll Emporium.
  4819 | D:4      | Bought a scroll of identify for 20 gold pieces
  4819 | D:4      | Bought a scroll of identify for 20 gold pieces
  4951 | D:4      | Found Neon's Antique Weapon Emporium.
  5238 | D:5      | Entered Level 5 of the Dungeon
  5251 | D:5      | Found a sand-covered staircase.
  5266 | Ossuary  | Entered an ossuary
  5470 | Ossuary  | Your scales start taking on an icy white colour.
  5470 | Ossuary  | Reached XP level 7. HP: 20/56 MP: 5/11
  5470 | Ossuary  | Gained mutation: Your flesh is cold resistant. (rC+) [White
                  | Draconian growth]
  5529 | Ossuary  | Reached skill level 5 in Unarmed Combat
  5934 | D:5      | Noticed Menkaure
  5940 | D:5      | Killed Menkaure
  6052 | D:5      | Found a radiant altar of Vehumet.
  6164 | D:5      | Noticed Eustachio
  6207 | D:5      | Killed Eustachio
  6218 | D:5      | Reached XP level 8. HP: 19/63 MP: 2/13
  6604 | D:5      | Noticed Dowan
  6615 | D:5      | Killed Dowan
  6638 | D:5      | Noticed Duvessa
  6645 | D:4      | Gained mutation: You are slightly weak-willed. (Will-) [Ru
                  | sacrifice]
  6645 | D:4      | Reached * piety under Ru
  6748 | D:4      | Slain by an orc warrior

Illustrated notes

Levels and vault maps discovered:
D:1:      dpeg_arrival_rooms_b, layout_basic
D:2:      cheibrodos_old_hovel, layout_loops_ring,
          shapermc_ecumenical_altar_mp_vishouse, serial_shops, shop_fountains,
          kennysheep_generic_room_9, uniq_jessica, uniq_terence
D:3:      layout_rooms, kennysheep_generic_room_6, uniq_grinder
D:4:      layout_cave_pods, minmay_temple_entry_offerings, serial_shops,
          nicolae_shop_window_shopping, nicolae_shop_crystal, shop, shop
D:5:      layout_basic, kennysheep_mini_moat, kennysheep_little_box,
          enter_ossuary_4, uniq_duvessa, uniq_eustachio, uniq_menkaure
Temple:   kb_temple_of_zot

Skill      XL: |  1  2  3  4  5  6  7 |
---------------+----------------------+-----
Dodging        | 2 3 |  3.4
Fighting       | 2 3 |  3.6
Transmutations | 3 4 |  4.9
Unarmed Combat | 4 5 |  5.5
Ice Magic      | 1 3 |  3.5
Poison Magic   | 1 2 |  2.0
Spellcasting   | 3 |  3.4

Action                   |  1- 3 |  4- 6 |  7- 9 || total
-------------------------+-------+-------+-------++-------
Melee: Unarmed           |    82 |   201 |   112 ||   395
       Kick              |     9 |     9 |     3 ||    21
       Headbutt          |     4 |     9 |     4 ||    17
       Tailslap          |     4 |    15 |     6 ||    25
       Punch             |       |     1 |       ||     1
 Cast: Beastly Appendage |    18 |    13 |     2 ||    33
       Spider Form       |     1 |     9 |     4 ||    14
       Ice Form          |       |       |     3 ||     3
Invok: Sacrifice Essence |       |       |     1 ||     1
  Use: Potion            |       |     2 |     1 ||     3
       Scroll            |       |     5 |     4 ||     9
 Stab: Sleeping          |     1 |       |       ||     1
Armor: Skin              |    18 |    98 |    56 ||   172
Dodge: Dodged            |    65 |   169 |   112 ||   346

Table legend: (Time is in decaauts)
 A = Elapsed time spent in this place.
 B = Non-inter-level travel time spent in this place.
 C = Inter-level travel time spent in this place.
 D = Time resting spent in this place.
 E = Time spent auto-exploring this place.
 F = Levels seen in this place.
 G = Mean time per level.
                   A        B        C        D        E       F      G
               +--------+--------+--------+--------+--------+-----+--------+
         Total |   6728 |   6545 |    183 |    722 |   4753 |   7 |  961.1 |
       Dungeon |   5944 |   5811 |    133 |    672 |   4389 |   5 | 1188.8 |
        Temple |    143 |     94 |     49 |      0 |     92 |   1 |  143.0 |
       Ossuary |    640 |    640 |      0 |     50 |    272 |   1 |  640.0 |
               +--------+--------+--------+--------+--------+-----+--------+

Top non-repeatable levels by time:
     D:2: 1722 daAuts
     D:1: 1485 daAuts
     D:4: 1182 daAuts
     D:3: 807 daAuts
     D:5: 746 daAuts
 Ossuary: 640 daAuts
  Temple: 143 daAuts
